 Dungeon Crawl Stone Soup version 0.32-a0-685-g93135e86f0 (webtiles) character file.

Game seed: 11074809735147254028

5854 Nietzsche the Spear-Bearer (level 10, -6/74 HPs)
             Began as a Demonspawn Gladiator on Mar 12, 2024.
             Was a Follower of Kikubaaqudgha.
             Mangled by a sun demon (17 damage)
             ... summoned by a kobold demonologist
             ... on level 10 of the Dungeon.
             The game lasted 00:19:36 (8495 turns).

Nietzsche the Spear-Bearer (Demonspawn Gladiator)   Turns: 8495, Time: 00:19:37

Health: -6/74      AC:  9    Str: 22    XL:     10   Next: 52%
Magic:  19/19      EV: 14    Int: 12    God:    Kikubaaqudgha [*.....]
Gold:   582        SH:  5    Dex: 14    Spells: 17/21 levels left

rFire   . . .        K - +1 morningstar (vamp)
rCold   . . .        (no shield)
rNeg    . . .        b - +0 leather armour
rPois   .            c - +0 helmet
rElec   .            (no cloak)
rCorr   .            l - +1 pair of gloves
SInv    .            (no boots)
Will    .....        D - amulet of reflection
Stlth   +            u - +6 ring of strength
HPRegen 0.32/turn    (no ring)
MPRegen 0.16/turn

%: reflection
@: no status effects
A: claws 2, foul stench 2, spiny 1, sharp scales 2, hooves 1
a: Renounce Religion, Unearth Wretches


You were on level 10 of the Dungeon.
You worshipped Kikubaaqudgha.
Kikubaaqudgha was aware of your devotion.
You visited 2 branches of the dungeon, and saw 11 of its levels.

You collected 582 gold pieces.

Inventory:

Hand Weapons
 a - a +0 trident
 j - a +1 dagger of venom
 m - the +5 spear of Fianadef {freeze, MP+9}
   (You found it on level 2 of the Dungeon)

   MP+9:      It affects your magic capacity (+9).
 A - a +2 hand axe of flaming
 C - a +0 halberd
 I - a +3 vampiric spear
 K - a +1 vampiric morningstar (weapon)
Missiles
 d - 4 throwing nets (quivered)
 e - 7 javelins
Armour
 b - a +0 leather armour (worn)
 c - a +0 helmet (worn)
 l - a +1 pair of gloves (worn)
Magical Staves
 v - a staff of death
Jewellery
 u - a +6 ring of strength (left hand)
 y - a ring of flight
 B - a ring of protection from cold
 D - an amulet of reflection (around neck)
 G - a ring of ice
 H - a ring of fire
Talismans
 J - a flux talisman
Wands
 p - a wand of roots (23)
 q - a wand of digging (10)
 O - a wand of polymorph (7)
 P - a wand of flame (30)
Scrolls
 f - 4 scrolls of poison {unknown}
 g - 8 scrolls of vulnerability {unknown}
 h - 5 scrolls of amnesia {unknown}
 i - 3 scrolls of teleportation {unknown}
 k - 10 scrolls of identify {unknown}
 n - a scroll of silence {unknown}
 o - 3 scrolls of blinking {unknown}
 w - 2 scrolls of noise {unknown}
 F - 2 scrolls of enchant weapon {unknown}
 L - a scroll of brand weapon {unknown}
 R - a scroll of summoning {unknown}
Potions
 t - 5 potions of haste {unknown}
 x - a potion of ambrosia {unknown}
 z - 2 potions of brilliance
 E - a potion of invisibility {unknown}
 M - 2 potions of lignification {unknown}
 N - a potion of enlightenment {unknown}
 Q - a potion of might {unknown}


   Skills:
 + Level 5.3 Fighting
 * Level 5.1 Maces & Flails
 + Level 8.3 Polearms
 + Level 1.9 Throwing
 + Level 4.8 Armour
 + Level 5.3 Dodging
 - Level 1.3 Shields
 * Level 6.2 Spellcasting
 * Level 3.6 Necromancy


You had 17 spell levels left.
You knew the following spells:

 Your Spells              Type           Power      Damage    Failure   Level
a - Animate Dead          Necr           12%        N/A       41%         4

Your spell library contained the following spells:

 Spells                   Type           Power      Damage    Failure   Level
 Kiss of Death            Conj/Necr      32%        2d7       10%         1
 Vampiric Draining        Necr           12%        2d6       14%         3
 Cigotuvi's Dreadful Rot  Necr/Alch/Air  12%        N/A       19%         2
 Slow                     Hex            12%        N/A       21%         1
 Mercury Vapours          Alch/Air       6%         N/A       30%         2
 Confusing Touch          Hex            3%         N/A       52%         3
 Mephitic Cloud           Conj/Alch/Air  3%         N/A       52%         3
 Vhi's Electric Charge    Tloc/Air       6%         N/A       90%         4
 Arcjolt                  Conj/Air       1%         1d11      99%         5
 Freezing Cloud           Conj/Ice/Air   1%         6-21      99%         5
 Plasma Beam              Fire/Air       1%         2x1d11    100%        6


Dungeon Overview and Level Annotations

Branches:
Dungeon (10/15)            Temple (1/1) D:6
   Lair: D:8-11         Orc: D:9-12

Altars:
Ashenzari
Cheibriados
Dithmenos
Fedhas
Gozag
Hepliaklqana
Kikubaaqudgha
Makhleb
Nemelex Xobeh
Okawaru
Qazlal
Ru
Sif Muna
Trog
Uskayaw
Vehumet
Wu Jian
Xom
Yredelemnul


Innate Abilities, Weirdness & Mutations

You have very sharp fingernails.
You sometimes emit foul miasma when damaged in melee.
You are partially covered in sharp spines.
You are mostly covered in razor-sharp scales. (AC +2, Slay +2)
You have large cloven feet.


Message History

Found 2 stones.
You now have 582 gold pieces (gained 19).
There is a strange disturbance nearby!
There is a strange disturbance nearby!
No target in view!
No target in view!
Found a stone staircase leading down.
Deactivating autopickup; reactivate with Ctrl-A.
You barely miss something. Something hits you. Something hits you!
Something hits you but does no damage. Something hits you but does no damage.
You puncture something! Your kick misses something.
Something hits you but does no damage.
You closely miss something. You kick something. Something hits you. x2
Something completely misses you. Something hits you.
You block something's attack. Something hits you!
Something hits you but does no damage. Something hits you.
Something hits you but does no damage. Something hits you.
You emit a cloud of foul miasma!
Kikubaaqudgha accepts your kill.
Reactivating autopickup.
You feel a bit more experienced.
Your Maces & Flails skill increases to level 5!
HP restored.
A kobold demonologist comes into view. It is wielding a +0 dagger.
The kobold demonologist shouts!
The kobold demonologist gestures wildly while chanting.
Found a thin diamond amulet and a scroll labelled SENIDIHUGA.
The sun demon hits you!
You are engulfed in flames!!
You hit the kobold demonologist.
You feel better.
Your kick misses the kobold demonologist.
The kobold demonologist is lightly wounded.
The sun demon hits you!!
* * * LOW HITPOINT WARNING * * *
You are engulfed in flames!
* * * LOW HITPOINT WARNING * * *
The kobold demonologist completely misses you.
The sun demon hits you!
You die...
Kikubaaqudgha rasps: You have failed me!
Welcome... death!

#.##.###.#######.#
######.##.............#
#.........###..######.#
#<###########..##...#)#
### ........#...#.#.#.#
#......##..#.#.#.#
#......##..#.#.#.#
.?##...K..#####.#...#
...."..@3.....#.#####
#######.#####.#.....#
#.# #.#..##.#
#.#####.#...#.#
#.....#.......#
#####.#...#.###
#.#####.#.###...#
#.......#.....#.#
#...............#


You could see a sun demon (summoned) and a kobold demonologist.

Vanquished Creatures
  2 two-headed ogres
  Maggie (D:8)
  An unseen horror (D:10)
  Grinder (D:6)
  A vampire (D:9)
  A wraith (D:9)
  3 water moccasins
  4 ice beasts
  An orc warrior (D:9)
  2 sky beasts
  2 ogres (D:5)
  3 black bears
  4 centaurs
  A kobold brigand (D:8)
  5 bullfrogs
  2 gnoll sergeants
  3 wights (D:6)
  3 scorpions
  A bombardier beetle (D:5)
  3 orc priests
  4 hounds
  3 gnoll boudas
  2 jellies
  3 sleepcaps
  2 iguanas
  5 orc wizards
  A statue (D:3)
  21 gnolls
  10 adders
  A shadow imp (D:6)
  2 white imps
  2 ribbon worms
  4 dart slugs
  21 orcs
  6 endoplasms
  2 giant cockroaches (D:2)
  9 goblins
  4 hobgoblins
  8 kobolds
  3 quokkas
  6 ball pythons
  6 bats
  2 frilled lizards (D:3)
  6 rats
177 creatures vanquished.

Notes
Turn   | Place    | Note
-------+----------+-------------------------------------------
     0 | D:1      | Nietzsche the Demonspawn Gladiator began the quest for the
                  | Orb.
     0 | D:1      | Reached XP level 1. HP: 16/16 MP: 1/1
     8 | D:1      | Noticed an electric eel
   278 | D:1      | Gained mutation: You are partially covered in sharp spines.
                  | [demonic ancestry]
   278 | D:1      | Reached XP level 2. HP: 22/22 MP: 2/2
   364 | D:1      | Reached skill level 3 in Polearms
   588 | D:2      | Reached skill level 1 in Spellcasting
   635 | D:2      | Gained mutation: You have sharp fingernails. [demonic
                  | ancestry]
   635 | D:2      | Reached XP level 3. HP: 27/27 MP: 4/4
   652 | D:2      | Identified the +5 spear of Fianadef {freeze, MP+9}
   728 | D:2      | Found a broken altar of Ashenzari.
  1269 | D:2      | Gained mutation: You have very sharp fingernails. [demonic
                  | ancestry]
  1269 | D:2      | Reached XP level 4. HP: 33/33 MP: 6/6
  1842 | D:3      | Reached skill level 1 in Armour
  1986 | D:3      | Found a radiant altar of Vehumet.
  1986 | D:3      | Noticed a charred statue
  2008 | D:3      | Killed a charred statue
  2009 | D:3      | Gained mutation: You are partially covered in razor-sharp
                  | scales. (AC +1, Slay +1) [demonic ancestry]
  2009 | D:3      | Reached XP level 5. HP: 3/39 MP: 7/7
  2217 | D:3      | Found a burning altar of Makhleb.
  2394 | D:4      | Reached skill level 4 in Polearms
  2458 | D:4      | Found an opulent altar of Gozag.
  2497 | D:5      | Entered Level 5 of the Dungeon
  2593 | D:5      | Found a shimmering altar of Xom.
  2652 | D:4      | Noticed a black bear
  2660 | D:4      | Killed a black bear
  2661 | D:4      | Reached XP level 6. HP: 44/46 MP: 9/9
  3442 | D:5      | Gained mutation: You may rarely emit foul miasma when
                  | damaged in melee. [demonic ancestry]
  3442 | D:5      | Reached XP level 7. HP: 17/52 MP: 11/11
  3585 | D:5      | Reached skill level 5 in Polearms
  4177 | D:6      | Gained mutation: You are mostly covered in razor-sharp
                  | scales. (AC +2, Slay +2) [demonic ancestry]
  4177 | D:6      | Reached XP level 8. HP: 58/58 MP: 13/13
  4385 | D:6      | Reached skill level 6 in Polearms
  4555 | D:6      | Noticed Grinder
  4565 | D:6      | Killed Grinder
  5082 | D:6      | Reached skill level 7 in Polearms
  5092 | D:6      | Reached skill level 1 in Shields
  5115 | D:6      | Reached XP level 9. HP: 39/66 MP: 16/16
  5227 | D:6      | Found a staircase to the Ecumenical Temple.
  5246 | Temple   | Entered the Ecumenical Temple
  5287 | Temple   | Became a worshipper of Kikubaaqudgha
  5407 | D:6      | Found an iron altar of Okawaru.
  5465 | D:6      | Found a hazy altar of Hepliaklqana.
  5817 | D:7      | Reached skill level 5 in Spellcasting
  5854 | D:7      | Noticed a two-headed ogre
  5879 | D:7      | Killed a two-headed ogre
  5880 | D:7      | Reached skill level 1 in Maces & Flails
  5880 | D:7      | Reached skill level 1 in Necromancy
  6404 | D:7      | Reached skill level 8 in Polearms
  6478 | D:7      | Reached skill level 5 in Dodging
  6663 | D:8      | Reached * piety under Kikubaaqudgha
  6663 | D:8      | Received a gift from Kikubaaqudgha
  6667 | D:8      | Found a bloodstained altar of Trog.
  6710 | D:8      | Reached skill level 5 in Fighting
  6757 | D:8      | Found a sacrificial altar of Ru.
  6839 | D:8      | Noticed Maggie
  6855 | D:8      | Killed Maggie
  6856 | D:8      | Gained mutation: You sometimes emit foul miasma when
                  | damaged in melee. [demonic ancestry]
  6856 | D:8      | Reached XP level 10. HP: 27/74 MP: 18/18
  7076 | D:9      | Found a stormy altar of Qazlal.
  7084 | D:9      | Found a shadowy altar of Dithmenos.
  7272 | D:9      | Learned a level 4 spell: Animate Dead
  7419 | D:9      | Noticed a two-headed ogre
  7427 | D:9      | Killed a two-headed ogre
  7616 | D:9      | Gained mutation: You have large cloven feet. [potion of
                  | mutation]
  7616 | D:9      | HP: 1/74 [something (7)]
  8304 | D:10     | Entered Level 10 of the Dungeon
  8354 | D:10     | Found a blossoming altar of Fedhas.
  8381 | D:10     | Reached skill level 5 in Maces & Flails
  8492 | D:10     | Noticed a sun demon
  8495 | D:10     | Mangled by a sun demon

Illustrated notes

Levels and vault maps discovered:
D:1:      arrival_aquarium_a, layout_basic
D:2:      layout_basic, basic_altar
D:3:      layout_basic, general_overflow_altar, vehumet_statue,
          minmay_misc_feat_roman
D:4:      layout_basic, lemuel_doored_altar, nicolae_elyvilon_peaceful_grove
D:5:      layout_rooms, mainiacjoe_overflow_small_starburst
D:6:      minmay_recursive_quarters, layout_layer_cave,
          mainiacjoe_overflow_two_lobes, minmay_temple_entry_trees, uniq_grinder
D:7:      layout_loops_ring, kennysheep_little_box
D:8:      layout_gridville, trog_three_pillars_becter, nicolae_ru_awakened_eye,
          uniq_maggie
D:9:      layout_roguey, minitemple
D:10:     minmay_evil_eye, layout_basic, kennysheep_mini,
          mainiacjoe_overflow_catwalk, david_orc_2, uniq_erolcha, uniq_maurice
Temple:   hellmonk_temple_flake

Skill      XL: |  1  2  3  4  5  6  7  8  9 10 |
---------------+-------------------------------+-----
Polearms       | 3 4 5 7 8 |  8.3
Spellcasting   | 1 2 3 4 5 6 |  6.2
Dodging        | 3 4 5 |  5.3
Armour         | 1 2 3 4 |  4.8
Fighting       | 3 4 5 |  5.3
Shields        | 1 |  1.3
Maces & Flails | 2 5 |  5.1
Necromancy     | 2 3 |  3.6
Throwing       | |  1.9

Action                     |  1- 3 |  4- 6 |  7- 9 | 10-12 || total
---------------------------+-------+-------+-------+-------++-------
  Melee: Trident           |    50 |       |       |       ||    50
         Spear             |    28 |   114 |   226 |       ||   368
         Morningstar       |       |       |    36 |    73 ||   109
         Kick              |       |       |       |    10 ||    10
    Use: Potion            |       |       |     4 |     9 ||    13
   Stab: Sleeping          |     2 |       |     4 |       ||     6
         Distracted        |       |       |     1 |       ||     1
 Armour: Leather armour    |    29 |    60 |   121 |   100 ||   310
  Dodge: Dodged            |    33 |    57 |   103 |    63 ||   256
  Block: Other             |       |       |    41 |    23 ||    64

Table legend: (Time is in decaauts)
 A = Elapsed time spent in this place.
 B = Non-inter-level travel time spent in this place.
 C = Inter-level travel time spent in this place.
 D = Time resting spent in this place.
 E = Time spent auto-exploring this place.
 F = Levels seen in this place.
 G = Mean time per level.
                   A        B        C        D        E       F      G
               +--------+--------+--------+--------+--------+-----+--------+
         Total |   8480 |   8480 |      0 |      0 |   6568 |  11 |  770.9 |
       Dungeon |   8427 |   8427 |      0 |      0 |   6568 |  10 |  842.7 |
        Temple |     52 |     52 |      0 |      0 |      0 |   1 |   52.0 |
               +--------+--------+--------+--------+--------+-----+--------+

Top non-repeatable levels by time:
     D:6: 1641 daAuts
     D:9: 1295 daAuts
     D:2: 964 daAuts
     D:3: 935 daAuts
     D:4: 894 daAuts
     D:7: 819 daAuts
     D:5: 804 daAuts
     D:1: 482 daAuts
     D:8: 398 daAuts
    D:10: 192 daAuts
  Temple: 52 daAuts
